 Dungeon Crawl Stone Soup version 0.24.0-13-gcf9b319 (webtiles) character file.

Game seed: 16901259257460537228, levelgen mode: deterministic

3182 Fang the Fighter (level 9, -1/88 HPs)
             Began as a Gargoyle Berserker on Dec 10, 2019.
             Was a Priest of Trog.
             Shot with an arrow by a centaur (4 damage)
             ... on level 7 of the Dungeon.
             The game lasted 00:08:04 (6192 turns).

Fang the Fighter (Gargoyle Berserker)               Turns: 6192, Time: 00:08:05

Health: -1/88      AC: 15    Str: 29    XL:     9   Next: 95%
Magic:  9/9        EV: 10    Int:  8    God:    Trog [***...]
Gold:   368        SH:  0    Dex:  9    Spells: 8/8 levels left

rFire    + . .     SeeInvis .   a - +0 hand axe (curse)
rCold    + . .     Gourm    .   (no shield)
rNeg     + . .     Faith    .   b - +0 plate armour {MR+}
rPois    ∞         Spirit   .   (no helmet)
rElec    +         Reflect  .   (no cloak)
rCorr    .         Harm     .   (no gloves)
MR       +....                  (no boots)
Stlth    ..........             r - amulet of Jedi {rF+ Regen+}
HPRegen  0.64/turn              o - ring of stealth
MPRegen  0.11/turn              v - ring of protection from cold

@: berserking (expiring), marked, corroded, very quick
A: negative energy resistance 1, electricity resistance, unbreathing,
petrification resistance, rot immunity, AC +6
a: Berserk, Trog's Hand, Renounce Religion


You were on level 7 of the Dungeon.
You worshipped Trog.
Trog was most pleased with you.
You were hungry.

You visited 2 branches of the dungeon, and saw 8 of its levels.

You collected 368 gold pieces.

Inventory:

Hand Weapons
 a - a cursed +0 hand axe (weapon)
Armour
 b - a +0 plate armour of magic resistance (worn)
Jewellery
 o - a ring of stealth (left hand)
 r - the amulet of Jedi (around neck) {rF+ Regen+}
   (You found it on level 4 of the Dungeon)

   [amulet of regeneration]

   It protects you from fire.
   It increases your rate of regeneration.
 v - a ring of protection from cold (right hand)
Wands
 g - a wand of digging (1)
 l - a wand of iceblast (3)
 s - a wand of polymorph (16)
 w - a wand of random effects (14)
Scrolls
 e - 9 scrolls of identify {unknown}
 f - 3 scrolls of enchant weapon {unknown}
 h - 2 scrolls of immolation {unknown}
 i - 2 scrolls of fear {unknown}
 j - 2 scrolls of blinking {unknown}
 n - a scroll of random uselessness {unknown}
 p - 3 scrolls of magic mapping {unknown}
 q - a scroll of enchant armour {unknown}
 y - a scroll of remove curse {unknown}
Potions
 d - a potion of flight {unknown}
 k - a potion of magic {unknown}
 m - 4 potions of curing {unknown}
 t - a potion of lignification {unknown}
 x - a potion of haste {unknown}
Comestibles
 c - 3 rations


   Skills:
 + Level 8.1 Fighting
 + Level 6.8 Axes
 + Level 7.7 Armour
 + Level 5.9 Dodging


You had 8 spell levels left.
You didn't know any spells.
Your spell library was empty.

Dungeon Overview and Level Annotations

Branches:
Dungeon (7/15)             Temple (1/1) D:4

Altars:
Ashenzari
Cheibriados
Dithmenos
Elyvilon
Makhleb
Okawaru
Ru
Sif Muna
Trog
Uskayaw
Vehumet
Zin
The Shining One


Innate Abilities, Weirdness & Mutations

You are resistant to torment.
Your stone body is resilient. (AC +6)
You are immune to poison.
You resist negative energy. (rN+)
You are resistant to electric shocks. (rElec)
You can survive without breathing.
You are immune to petrification.
You are immune to rotting.


Message History

The centaur shoots an arrow.
The arrow hits you.
* * * LOW HITPOINT WARNING * * *
You hit Harold.
Harold is almost dead.
Harold casts a spell at you.
You barely resist. You hit Harold but do no damage.
Harold is almost dead.
The centaur shoots an arrow.
The arrow barely misses you.
Harold hits you with a +1 war axe of chopping!
* * * LOW HITPOINT WARNING * * *
x2 You slash Harold!
You feel the power of Trog in you as your rage grows.
You kill Harold!
Trog accepts your kill.
Trog appreciates your killing of a magic user.
Harold looks down at his mortal wounds and cries, "But... this was my last day before retirement..."
Your Fighting skill increases to level 8!
The centaur shoots an arrow.
The arrow hits you.
You die...

#..#....[...#
#..........# .
##.........#
#.######........# .
................##..
#.#.................
.........†..?.......
.......).$...)......
............@).....#
.............)..#>..
..........(........#
...............#...c
...#..............##
...###.(.###.#..###
.( #.### #.#..# #..
#....# #..# ...##


You could see a centaur.

Vanquished Creatures
  Harold (D:7)
  Eustachio (D:4)
  Duvessa (D:4)
  A water moccasin (D:6)
  3 sky beasts
  An ice beast (D:5)
  An orc warrior (D:7)
  3 phantoms
  2 ogres
  A big kobold (D:7)
  A gnoll sergeant (D:5)
  Dowan (D:4)
  4 scorpions
  2 howler monkeys
  2 jellies
  4 orc wizards
  2 orc priests
  3 hounds
  Terence (D:2)
  Jessica (D:2)
  2 iguanas
  Natasha (thrice) (D:2)
  3 worker ants
  A hound zombie (D:5)
  7 gnolls
  8 adders
  A shadow imp (D:6)
  An ooze (D:2)
  A worm (D:3)
  2 dart slugs (D:1)
  5 leopard geckos
  8 orcs
  A ball python (D:2)
  7 giant cockroaches
  8 goblins
  10 hobgoblins
  10 jackals
  6 kobolds
  3 quokkas
  6 bats
  4 frilled lizards
  A leopard gecko skeleton (D:5)
  A quokka skeleton (D:6)
  8 rats
143 creatures vanquished.

Notes
Turn   | Place    | Note
-------+----------+-------------------------------------------
     0 | D:1      | Fang the Gargoyle Berserker began the quest for the Orb.
     0 | D:1      | Reached XP level 1. HP: 14/14 MP: 1/1
    84 | D:1      | Reached XP level 2. HP: 14/19 MP: 2/2
   384 | D:1      | Reached XP level 3. HP: 20/23 MP: 3/3
   743 | D:2      | Noticed Natasha
   748 | D:2      | Killed Natasha
   748 | D:2      | Reached XP level 4. HP: 22/29 MP: 4/4
   818 | D:2      | Reached ** piety under Trog
   933 | D:2      | Noticed Terence
   946 | D:2      | Killed Terence
   946 | D:2      | Reached skill level 4 in Fighting
  1250 | D:2      | Noticed Jessica
  1273 | D:2      | Killed Jessica
  1273 | D:2      | Reached XP level 5. HP: 22/33 MP: 5/5
  1422 | D:2      | Noticed Natasha
  1436 | D:2      | Killed Natasha
  1443 | D:2      | Noticed Natasha
  1458 | D:2      | Killed Natasha
  1915 | D:2      | Found a radiant altar of Vehumet.
  2112 | D:3      | Reached XP level 6. HP: 29/39 MP: 6/6
  2186 | D:3      | Reached *** piety under Trog
  2311 | D:3      | Found an iron altar of Okawaru.
  2836 | D:4      | Found a staircase to the Ecumenical Temple.
  2861 | Temple   | Entered the Ecumenical Temple
  2896 | D:4      | Noticed Eustachio
  2918 | D:4      | Reached skill level 5 in Fighting
  2930 | D:4      | Killed Eustachio
  2930 | D:4      | Reached XP level 7. HP: 31/44 MP: 7/7
  3095 | D:4      | Got a scorched zirconium amulet
  3169 | D:4      | Found a shadowy altar of Dithmenos.
  3606 | D:4      | Found a glowing golden altar of the Shining One.
  3730 | D:4      | Found a glowing silver altar of Zin.
  3730 | D:4      | Noticed Duvessa
  3730 | D:4      | Noticed Dowan
  3732 | D:4      | Identified the amulet of Jedi {rF+ Regen+} (You found it on
                  | level 4 of the Dungeon)
  3744 | D:4      | Killed Duvessa
  3744 | D:4      | Reached skill level 5 in Armour
  3750 | D:4      | Killed Dowan
  3750 | D:4      | Reached XP level 8. HP: 51/51 MP: 8/8
  4000 | D:5      | Entered Level 5 of the Dungeon
  4026 | D:5      | Reached skill level 6 in Fighting
  4026 | D:5      | Reached skill level 5 in Axes
  4134 | D:5      | Found a shimmering blue altar of Sif Muna.
  4187 | D:5      | Found a sacrificial altar of Ru.
  4373 | D:5      | Found a bloodstained altar of Trog.
  4374 | D:5      | Found a snail-covered altar of Cheibriados.
  4375 | D:5      | Found a shattered altar of Ashenzari.
  4376 | D:5      | Found a white marble altar of Elyvilon.
  4645 | D:5      | Reached XP level 9. HP: 56/56 MP: 9/9
  4800 | D:5      | Found a burning altar of Makhleb.
  4862 | D:5      | Reached skill level 7 in Fighting
  4862 | D:5      | Reached skill level 5 in Dodging
  5912 | D:7      | HP: 2/85 [ogre/+0 giant club (25)]
  6161 | D:7      | Noticed Harold
  6191 | D:7      | HP: 4/87 [Harold/+1 war axe of chopping (12)]
  6192 | D:7      | Killed Harold
  6192 | D:7      | Reached skill level 8 in Fighting
  6192 | D:7      | Shot with an arrow by a centaur

Levels and vault maps discovered:
D:1:      minmay_arrival_jagged, layout_rooms
D:2:      layout_basic, nicolae_overflow_crystal_walls, uniq_natasha,
          uniq_jessica, uniq_terence
D:3:      layout_basic, okawaru_ov_weapons_minmay, minmay_strange_pillars
D:4:      layout_loops_corners, overflow_temple_1_default, zin_treasury,
          nicolae_dithmenos_the_darkroom, minmay_temple_entry_proselytizer,
          uniq_duvessa, uniq_eustachio
D:5:      layout_loops_ring, makhleb_heckhound_becter, nicolae_ru_awakened_eye,
          chequers_temple_overflow_statue_of_worship, first_ration,
          minmay_fountain_box, led_sif_book
D:6:      minmay_clustersquares, layout_cave_pools, supply_closet_lemuel,
          centaur_isle
D:7:      layout_rooms, xom_teletrap_fun, uniq_harold, uniq_menkaure
Temple:   eino_wide_crystal_templ

Skill      XL: |  1  2  3  4  5  6  7  8  9 |
---------------+----------------------------+-----
Dodging        | 2 3 4 5 |  5.9
Axes           | 3 4 5 6 |  6.8
Armour         | 3 4 5 6 7 |  7.7
Fighting       | 4 5 6 8 |  8.1

Action                   |  1- 3 |  4- 6 |  7- 9 || total
-------------------------+-------+-------+-------++-------
Melee: Hand axe          |    68 |   277 |   440 ||   785
Invok: Berserk           |     2 |     4 |     5 ||    11
       Trog's Hand       |       |       |     3 ||     3
Evoke: Wand              |       |       |     1 ||     1
 Stab: Distracted        |       |     1 |       ||     1
  Eat: Chunk             |     1 |    11 |    10 ||    22
       Ration            |       |       |     2 ||     2
Armor: Animal skin       |    25 |    15 |       ||    40
       Chain mail        |       |   171 |   245 ||   416
       Plate armour      |       |       |    99 ||    99
Dodge: Dodged            |    59 |   150 |   201 ||   410
